Avalanche vs Panthers

Created - February-01-15 at 11:08

Goals
1 2 3 T
Avalanche 3 1 0 4
Panthers 1 0 1 2
Shots
1 2 3 T
Avalanche 7 4 8 19
Panthers 15 6 9 30

1st period

1. Panthers , Nathan MacKinnon 12 (Matt Duchene, Hampus Lindholm) at 10:44
2. Avalanche , Quinton Howden 8 (Colby Robak, Victor Bartley) at 12:26
3. Avalanche , Marcel Goc 2 (Sami Vatanen, Scottie Upshall) at 16:20
4. Avalanche , Riley Sheahan 11 (Christopher Higgins, Kevin Shattenkirk) at 16:38

Penalties :
Victor Bartley (COL) for Goalie Interference (Minor) at 6:56

2nd period

5. Avalanche , Quinton Howden 9 (Tyson Barrie) at 3:49

Penalties :
Mark Scheifele (FLA) for Interference (Minor) at 4:48, Sami Vatanen (COL) for Hooking (Minor) at 8:36, Quinton Howden (COL) for Holding (Minor) at 11:31, Patric Hornqvist (FLA) for Hooking (Minor) at 17:22, Quinton Howden (COL) for Cross-checking (Minor) at 19:25

3rd period

6. Panthers , Patric Hornqvist 10 (Hampus Lindholm, Matt Duchene) at 1:21 (PP)

Penalties :
Henrik Zetterberg (FLA) for Interference (Minor) at 1:30, Kevin Shattenkirk (COL) for Elbowing (Minor) at 1:30, Matt Niskanen (FLA) for Cross-checking (Minor) at 9:19, Tyson Barrie (COL) for Hooking (Minor) at 12:41

Goalie Stats

Martin Jones (COL), 28 saves from 30 shots - (0.933), W, 10-13-2, 60:00 minutes
Ben Bishop (FLA), 9 saves from 9 shots - (1.000), 36:11 minutes
Braden Holtby (FLA), 6 saves from 10 shots - (0.600), L, 5-6-1, 23:49 minutes

Players Stats for Avalanche

Player Name              G  A  P  +/- PIM S  H  SB GA TA FO     MP     PP MP  PK MP  
------------------------------------------------------------------------------------
Christopher Higgins      0  1  1   1  0   1  3  0  0  0  1/1    22:11   2:48   7:26 
Cody Hodgson             0  0  0   1  0   1  1  0  0  0  6/16   15:26   3:29   0:00 
Colby Robak              0  1  1   0  0   2  0  3  0  0  0/0    17:34   0:00   5:17 
Corban Knight            0  0  0   2  0   0  1  0  0  0  0/0    11:35   0:00   0:00 
Derek Stepan             0  0  0   0  0   2  0  1  0  0  16/21  21:42   3:09   2:26 
John Persson             0  0  0   0  0   0  0  0  0  0  0/0     5:29   0:00   0:57 
Keith Yandle             0  0  0   1  0   0  2  0  0  0  0/0    24:14   2:55   2:03 
Kevin Shattenkirk        0  1  1   1  2   1  2  2  0  0  0/0    24:39   2:55   4:29 
Marcel Goc               1  0  1   0  0   1  3  0  0  0  9/22   11:58   0:00   7:26 
Markus Granlund          0  0  0   2  0   0  0  0  0  0  8/13   11:35   0:00   0:00 
Quinton Howden           2  0  2   2  4   4  3  1  0  0  0/0    13:02   0:00   1:29 
Riley Sheahan            1  0  1   1  0   2  1  1  0  0  3/5    13:53   2:48   0:00 
Ryane Clowe              0  0  0   0  0   3  4  0  0  0  0/2    17:28   2:28   0:00 
Sami Vatanen             0  1  1   2  2   2  2  1  0  0  0/0    19:58   3:02   4:02 
Scottie Upshall          0  1  1   0  0   0  0  0  0  0  1/1     4:32   0:00   0:00 
Tyson Barrie             0  1  1   2  2   0  0  2  0  0  0/0    20:24   3:02   3:53 
Victor Bartley           0  1  1   0  2   0  4  1  0  0  0/0    13:07   0:00   0:00 
Vincent Lecavalier       0  0  0   0  0   0  0  0  0  0  0/0    19:16   3:09   0:00 

Players Stats for Panthers

Player Name              G  A  P  +/- PIM S  H  SB GA TA FO     MP     PP MP  PK MP  
------------------------------------------------------------------------------------
Clarke MacArthur         0  0  0  -2  0   3  1  0  0  0  1/1    12:48   0:00   0:04 
Danny DeKeyser           0  0  0  -1  0   5  2  0  0  0  0/0    24:43   4:13   3:35 
Hampus Lindholm          0  2  2   0  0   1  0  0  0  0  0/0    14:59   5:39   0:00 
Henrik Zetterberg        0  0  0  -1  2   3  4  1  0  0  13/27  21:08   4:14   3:08 
Justin Williams          0  0  0  -2  0   1  0  0  0  0  0/2    12:44   0:00   0:00 
Lauri Korpikoski         0  0  0   0  0   0  1  0  0  0  0/1     7:38   0:00   3:56 
Marian Hossa             0  0  0  -1  0   1  1  0  0  0  0/0    19:35   4:14   1:37 
Mark Scheifele           0  0  0  -2  2   4  0  0  0  0  5/16   16:26   0:00   0:04 
Matt Carle               0  0  0  -2  0   1  0  2  0  0  0/0    16:49   0:00   2:22 
Matt Duchene             0  2  2   0  0   3  0  0  0  0  16/29  21:16   5:38   1:37 
Matt Niskanen            0  0  0   0  2   2  1  0  0  0  0/0    18:08   5:39   0:00 
Nathan MacKinnon         1  0  1   0  0   3  1  0  0  0  1/2    19:39   5:38   0:00 
Niklas Hjalmarsson       0  0  0  -1  0   0  0  1  0  0  0/0    20:49   0:00   3:35 
Patric Hornqvist         1  0  1   0  2   2  1  0  0  0  0/1    19:57   5:38   1:28 
Rick Nash                0  0  0  -1  0   0  2  0  0  0  1/2    17:08   4:14   0:00 
Rob Klinkhammer          0  0  0   0  0   0  1  0  0  0  0/0     3:42   0:00   0:00 
Sami Salo                0  0  0   0  0   0  1  0  0  0  0/0     3:10   0:00   0:00 
T.J. Brodie              0  0  0  -2  0   1  1  0  0  0  0/0    21:21   4:13   2:22 

3 Stars

1 - Quinton Howden (COL)
2 - Riley Sheahan (COL)
3 - Marcel Goc (COL)

Power Play

Avalanche - 0 on 3 Attempt(s) - 0.00%
Panthers - 1 on 5 Attempt(s) - 20.00%

Penalty Kill

Avalanche - 4 on 5 Attempt(s) - 80.00% - Score 0 goal in Penalty Kill
Panthers - 3 on 3 Attempt(s) - 100.00% - Score 0 goal in Penalty Kill

Team Stat

Avalanche - Hits : 26 - Faceoff Wins : 44 - Blocked Shots : 12 - Penalty Minutes : 12
Panthers - Hits : 17 - Faceoff Wins : 37 - Blocked Shots : 4 - Penalty Minutes : 8

Official

Referees : Frederick L'Ecuyer and Dennis LaRue
Linesman : Matt MacPherson and Greg Devorski

Game Notes

Ben Bishop enters game at 3:49 of 2nd period

Finance

Level 1 -- Attendance: 6000 (100.00%) -- Ticket Income $642,000
Level 2 -- Attendance: 5000 (100.00%) -- Ticket Income $385,000
Level 3 -- Attendance: 3040 (86.86%) -- Ticket Income $158,080
Level 4 -- Attendance: 2798 (74.61%) -- Ticket Income $69,950
Luxury Box -- Attendance: 1000 (100.00%) -- Ticket Income $200,000
Game was played at the BBT Center'
Total Attendance: 17838 (92.66%)
Total Ticket Income: $1,455,030
Other Income: $218,254
Total Income: $1,673,284

% Time on Ice - Avalanche

Lines # - Real PCT - Wanted PCT - Time Play
Normal Forward
1 - 36% - 40% - 15:00
2 - 26% - 35% - 11:05
3 - 27% - 20% - 11:35
4 - 11% - 5% - 4:32
Normal Defense
1 - 37% - 40% - 15:29
2 - 30% - 30% - 12:38
3 - 29% - 20% - 12:18
4 - 4% - 10% - 1:47
PP Forward
1 - 53% - 60% - 3:09
2 - 47% - 40% - 2:48
PP Defense
1 - 49% - 60% - 2:55
2 - 51% - 40% - 3:02
PK Forward
1 - 75% - 60% - 7:26
2 - 25% - 40% - 2:26
PK Defense
1 - 42% - 60% - 4:09
2 - 58% - 40% - 5:43
PK3 Forward
1 - 0% - 60%
2 - 0% - 40%
PK3 Defense
1 - 0% - 60%
2 - 0% - 40%
44 Forward
1 - 56% - 60% - 1:07
2 - 44% - 40% - 0:52
44 Defense
1 - 56% - 60% - 1:07
2 - 44% - 40% - 0:52
Last Minute Offensive  - 0:00
Last Minute Defensive  - 0:00
Total
Forward - 60:00
Defense - 60:00

% Time on Ice - Panthers

Lines # - Real PCT - Wanted PCT - Time Play
Normal Forward
1 - 30% - 40% - 12:52
2 - 31% - 35% - 12:54
3 - 30% - 20% - 12:44
4 - 9% - 5% - 3:42
Normal Defense
1 - 38% - 40% - 16:05
2 - 32% - 30% - 13:37
3 - 22% - 20% - 9:20
4 - 8% - 10% - 3:10
PP Forward
1 - 57% - 60% - 5:38
2 - 43% - 40% - 4:14
PP Defense
1 - 57% - 60% - 5:39
2 - 43% - 40% - 4:13
PK Forward
1 - 73% - 60% - 4:20
2 - 27% - 40% - 1:37
PK Defense
1 - 60% - 60% - 3:35
2 - 40% - 40% - 2:22
PK3 Forward
1 - 0% - 65%
2 - 0% - 35%
PK3 Defense
1 - 0% - 60%
2 - 0% - 40%
44 Forward
1 - 58% - 60% - 1:09
2 - 42% - 40% - 0:50
44 Defense
1 - 58% - 60% - 1:09
2 - 42% - 40% - 0:50
Last Minute Offensive  - 0:00
Last Minute Defensive  - 0:00
Total
Forward - 60:00
Defense - 60:00

Play by Play

1st period


0:01 of 1st period - Matt Duchene wins face-off versus Derek Stepan in neutral zone.
0:05 of 1st period - Danny DeKeyser is hit by Kevin Shattenkirk and loses puck.
0:10 of 1st period - Shot by Patric Hornqvist.
0:10 of 1st period - Stopped by Martin Jones without a rebound.
0:11 of 1st period - Henrik Zetterberg wins face-off versus Cody Hodgson in Avalanche zone.
0:14 of 1st period - Shot by Marian Hossa.
0:14 of 1st period - Deflect By Henrik Zetterberg.
0:14 of 1st period - Stopped by Martin Jones without a rebound.
0:15 of 1st period - Mark Scheifele wins face-off versus Markus Granlund in Avalanche zone.
0:44 of 1st period - Shot by Mark Scheifele.
0:44 of 1st period - Stopped by Martin Jones without a rebound.
0:45 of 1st period - Cody Hodgson wins face-off versus Henrik Zetterberg in Avalanche zone.
0:45 of 1st period - Cody Hodgson is hit by Rick Nash.
0:50 of 1st period - Off-side.
0:51 of 1st period - Matt Duchene wins face-off versus Derek Stepan in neutral zone.
0:51 of 1st period - Matt Duchene is hit by Ryane Clowe.
1:54 of 1st period - Keith Yandle is hit by Marian Hossa and loses puck.
2:27 of 1st period - Shot by Marian Hossa.
2:27 of 1st period - Shot Blocked by Riley Sheahan.
2:55 of 1st period - Christopher Higgins is hit by Henrik Zetterberg and loses puck.
3:34 of 1st period - Shot by Marcel Goc.
3:34 of 1st period - Shot Hit the Post.
3:36 of 1st period - Shot by Colby Robak.
3:36 of 1st period - Stopped by Braden Holtby without a rebound.
3:37 of 1st period - Markus Granlund wins face-off versus Matt Duchene in Panthers zone.
3:48 of 1st period - Shot by Patric Hornqvist.
3:48 of 1st period - Shot Blocked by Quinton Howden.
3:50 of 1st period - Shot by Danny DeKeyser.
3:50 of 1st period - Stopped by Martin Jones with a rebound.
3:52 of 1st period - Shot by Patric Hornqvist.
3:52 of 1st period - Shot Misses the Net.
4:06 of 1st period - Shot by Patric Hornqvist.
4:06 of 1st period - Shot Misses the Net.
4:08 of 1st period - Shot by Danny DeKeyser.
4:08 of 1st period - Shot Misses the Net.
4:22 of 1st period - Shot by Matt Duchene.
4:22 of 1st period - Shot Misses the Net.
4:56 of 1st period - Shot by Justin Williams.
4:56 of 1st period - Deflect By Clarke MacArthur.
4:56 of 1st period - Stopped by Martin Jones with a rebound.
5:28 of 1st period - Icing by Henrik Zetterberg.
5:29 of 1st period - Derek Stepan wins face-off versus Henrik Zetterberg in Panthers zone.
6:03 of 1st period - Henrik Zetterberg is hit by Sami Vatanen and loses puck.
6:21 of 1st period - Icing by Niklas Hjalmarsson.
6:22 of 1st period - Cody Hodgson wins face-off versus Matt Duchene in Panthers zone.
6:33 of 1st period - Riley Sheahan is hit by Nathan MacKinnon.
6:34 of 1st period - Icing by Riley Sheahan.
6:35 of 1st period - Mark Scheifele wins face-off versus Cody Hodgson in Avalanche zone.
6:40 of 1st period - Shot by Justin Williams.
6:40 of 1st period - Shot Misses the Net.
6:42 of 1st period - Shot by Matt Niskanen.
6:42 of 1st period - Stopped by Martin Jones with a rebound.
6:44 of 1st period - Shot by Justin Williams.
6:44 of 1st period - Stopped by Martin Jones without a rebound.
6:45 of 1st period - Matt Duchene wins face-off versus Marcel Goc in Avalanche zone.
6:45 of 1st period - Matt Duchene is hit by Victor Bartley.
6:48 of 1st period - Nathan MacKinnon is hit by Victor Bartley and loses puck.
6:51 of 1st period - Shot by Patric Hornqvist.
6:51 of 1st period - Shot Misses the Net.
6:53 of 1st period - Shot by Patric Hornqvist.
6:53 of 1st period - Shot Blocked by Colby Robak.
6:56 of 1st period - Minor Penalty to Victor Bartley for Goalie Interference.
6:57 of 1st period - Marcel Goc wins face-off versus Henrik Zetterberg in Avalanche zone.
7:07 of 1st period - Henrik Zetterberg is hit by Marcel Goc and loses puck.
7:27 of 1st period - Shot by Hampus Lindholm.
7:27 of 1st period - Stopped by Martin Jones with a rebound.
7:29 of 1st period - Shot by Henrik Zetterberg.
7:29 of 1st period - Stopped by Martin Jones without a rebound.
7:30 of 1st period - Matt Duchene wins face-off versus Marcel Goc in Avalanche zone.
7:59 of 1st period - Shot by Marcel Goc.
7:59 of 1st period - Shot Misses the Net.
8:28 of 1st period - Off-side.
8:29 of 1st period - Derek Stepan wins face-off versus Henrik Zetterberg in neutral zone.
8:45 of 1st period - Icing by Hampus Lindholm.
8:46 of 1st period - Marcel Goc wins face-off versus Henrik Zetterberg in Panthers zone.
8:59 of 1st period - Shot by Clarke MacArthur.
8:59 of 1st period - Stopped by Martin Jones without a rebound.
9:00 of 1st period - Derek Stepan wins face-off versus Mark Scheifele in Avalanche zone.
9:11 of 1st period - Shot by Derek Stepan.
9:11 of 1st period - Shot Misses the Net.
9:20 of 1st period - Justin Williams is hit by Keith Yandle and loses puck.
9:24 of 1st period - Clarke MacArthur is hit by Kevin Shattenkirk and loses puck.
10:14 of 1st period - Shot by Riley Sheahan.
10:14 of 1st period - Stopped by Braden Holtby without a rebound.
10:15 of 1st period - Marcel Goc wins face-off versus Matt Duchene in Panthers zone.
10:36 of 1st period - Shot by Nathan MacKinnon.
10:36 of 1st period - Shot Hit the Post.
10:44 of 1st period - Shot by Nathan MacKinnon.
10:44 of 1st period - Goal by Nathan MacKinnon - Avalanche : 0 - Panthers : 1.
10:45 of 1st period - Henrik Zetterberg wins face-off versus Cody Hodgson in neutral zone.
10:48 of 1st period - Cody Hodgson is hit by Henrik Zetterberg and loses puck.
11:23 of 1st period - Shot by Marian Hossa.
11:23 of 1st period - Shot Misses the Net.
12:05 of 1st period - Derek Stepan is hit by Sami Salo and loses puck.
12:16 of 1st period - Shot by Ryane Clowe.
12:16 of 1st period - Stopped by Braden Holtby without a rebound.
12:17 of 1st period - Markus Granlund wins face-off versus Mark Scheifele in Panthers zone.
12:26 of 1st period - Shot by Quinton Howden.
12:26 of 1st period - Goal by Quinton Howden - Avalanche : 1 - Panthers : 1.
12:27 of 1st period - Derek Stepan wins face-off versus Mark Scheifele in neutral zone.
12:59 of 1st period - Shot by Clarke MacArthur.
12:59 of 1st period - Stopped by Martin Jones with a rebound.
13:05 of 1st period - Shot by Justin Williams.
13:05 of 1st period - Shot Misses the Net.
13:07 of 1st period - Shot by T.J. Brodie.
13:07 of 1st period - Stopped by Martin Jones without a rebound.
13:08 of 1st period - Markus Granlund wins face-off versus Henrik Zetterberg in Avalanche zone.
13:08 of 1st period - Markus Granlund is hit by Rick Nash.
13:30 of 1st period - Shot by Marian Hossa.
13:30 of 1st period - Stopped by Martin Jones without a rebound.
13:31 of 1st period - Cody Hodgson wins face-off versus Matt Duchene in Avalanche zone.
13:38 of 1st period - Shot by Cody Hodgson.
13:38 of 1st period - Shot Misses the Net.
14:13 of 1st period - Shot by Nathan MacKinnon.
14:13 of 1st period - Shot Blocked by Tyson Barrie.
14:43 of 1st period - Shot by Kevin Shattenkirk.
14:43 of 1st period - Shot Misses the Net.
15:13 of 1st period - Icing by Niklas Hjalmarsson.
15:14 of 1st period - Markus Granlund wins face-off versus Henrik Zetterberg in Panthers zone.
15:25 of 1st period - Shot by Markus Granlund.
15:25 of 1st period - Shot Misses the Net.
15:27 of 1st period - Shot by Quinton Howden.
15:27 of 1st period - Shot Misses the Net.
15:31 of 1st period - Shot by Markus Granlund.
15:31 of 1st period - Shot Misses the Net.
16:20 of 1st period - Shot by Marcel Goc.
16:20 of 1st period - Goal by Marcel Goc - Avalanche : 2 - Panthers : 1.
16:21 of 1st period - Mark Scheifele wins face-off versus Cody Hodgson in neutral zone.
16:26 of 1st period - Icing by Keith Yandle.
16:27 of 1st period - Clarke MacArthur wins face-off versus Riley Sheahan in Avalanche zone.
16:36 of 1st period - Shot by Christopher Higgins.
16:36 of 1st period - Shot Misses the Net.
16:38 of 1st period - Shot by Riley Sheahan.
16:38 of 1st period - Goal by Riley Sheahan - Avalanche : 3 - Panthers : 1.
16:39 of 1st period - Derek Stepan wins face-off versus Patric Hornqvist in neutral zone.
16:47 of 1st period - Shot by Ryane Clowe.
16:47 of 1st period - Stopped by Braden Holtby without a rebound.
16:48 of 1st period - Cody Hodgson wins face-off versus Matt Duchene in Panthers zone.
17:45 of 1st period - Henrik Zetterberg is hit by Christopher Higgins and loses puck.
17:53 of 1st period - Henrik Zetterberg is hit by Christopher Higgins and loses puck.
18:35 of 1st period - Shot by Mark Scheifele.
18:35 of 1st period - Stopped by Martin Jones without a rebound.
18:36 of 1st period - Derek Stepan wins face-off versus Mark Scheifele in Avalanche zone.
19:27 of 1st period - Matt Niskanen is hit by Ryane Clowe and loses puck.
Goals for this period are 3 for Avalanche vs 1 for Panthers.
Shots for this period are 7 for Avalanche vs 15 for Panthers.

2nd period


0:01 of 2nd period - Derek Stepan wins face-off versus Matt Duchene in neutral zone.
0:55 of 2nd period - Icing by Nathan MacKinnon.
0:56 of 2nd period - Riley Sheahan wins face-off versus Matt Duchene in Panthers zone.
0:59 of 2nd period - Shot by Christopher Higgins.
0:59 of 2nd period - Stopped by Braden Holtby without a rebound.
1:00 of 2nd period - Henrik Zetterberg wins face-off versus Cody Hodgson in Panthers zone.
1:07 of 2nd period - Shot by Riley Sheahan.
1:07 of 2nd period - Shot Blocked by Henrik Zetterberg.
1:09 of 2nd period - Shot by Christopher Higgins.
1:09 of 2nd period - Shot Blocked by Matt Carle.
1:15 of 2nd period - Shot by Cody Hodgson.
1:15 of 2nd period - Stopped by Braden Holtby without a rebound.
1:16 of 2nd period - Markus Granlund wins face-off versus Mark Scheifele in Panthers zone.
1:55 of 2nd period - Shot by Mark Scheifele.
1:55 of 2nd period - Stopped by Martin Jones without a rebound.
1:56 of 2nd period - Henrik Zetterberg wins face-off versus Cody Hodgson in Avalanche zone.
2:36 of 2nd period - Cody Hodgson is hit by Danny DeKeyser and loses puck.
3:03 of 2nd period - Niklas Hjalmarsson is hit by Ryane Clowe and loses puck.
3:49 of 2nd period - Shot by Quinton Howden.
3:49 of 2nd period - Goal by Quinton Howden - Avalanche : 4 - Panthers : 1.
3:49 of 2nd period - Ben Bishop enters game.
3:50 of 2nd period - Matt Duchene wins face-off versus Marcel Goc in neutral zone.
4:05 of 2nd period - Shot by Matt Duchene.
4:05 of 2nd period - Stopped by Martin Jones without a rebound.
4:06 of 2nd period - Mark Scheifele wins face-off versus Markus Granlund in Avalanche zone.
4:06 of 2nd period - Matt Niskanen is hit by Keith Yandle and loses puck.
4:22 of 2nd period - Kevin Shattenkirk is hit by Matt Niskanen and loses puck.
4:25 of 2nd period - Shot by Keith Yandle.
4:25 of 2nd period - Shot Misses the Net.
4:47 of 2nd period - Shot by Matt Niskanen.
4:47 of 2nd period - Shot Blocked by Kevin Shattenkirk.
4:48 of 2nd period - Minor Penalty to Mark Scheifele for Interference.
4:49 of 2nd period - Derek Stepan wins face-off versus Lauri Korpikoski in Panthers zone.
4:54 of 2nd period - Shot by Sami Vatanen.
4:54 of 2nd period - Stopped by Ben Bishop without a rebound.
4:55 of 2nd period - Derek Stepan wins face-off versus Henrik Zetterberg in Panthers zone.
7:10 of 2nd period - Icing by Hampus Lindholm.
7:11 of 2nd period - Scottie Upshall wins face-off versus Justin Williams in Panthers zone.
8:18 of 2nd period - T.J. Brodie is hit by Corban Knight and loses puck.
8:36 of 2nd period - Minor Penalty to Sami Vatanen for Hooking.
8:37 of 2nd period - Marcel Goc wins face-off versus Matt Duchene in Avalanche zone.
8:49 of 2nd period - Shot by T.J. Brodie.
8:49 of 2nd period - Shot Misses the Net.
8:51 of 2nd period - Shot by T.J. Brodie.
8:51 of 2nd period - Shot Misses the Net.
8:53 of 2nd period - Shot by Nathan MacKinnon.
8:53 of 2nd period - Stopped by Martin Jones without a rebound.
8:54 of 2nd period - Nathan MacKinnon wins face-off versus Marcel Goc in Avalanche zone.
8:59 of 2nd period - Shot by Nathan MacKinnon.
8:59 of 2nd period - Shot Misses the Net.
9:10 of 2nd period - Off-side.
9:11 of 2nd period - Christopher Higgins wins face-off versus Henrik Zetterberg in neutral zone.
9:56 of 2nd period - Shot by Danny DeKeyser.
9:56 of 2nd period - Stopped by Martin Jones without a rebound.
9:57 of 2nd period - Marcel Goc wins face-off versus Matt Duchene in Avalanche zone.
10:49 of 2nd period - Icing by Danny DeKeyser.
10:50 of 2nd period - Mark Scheifele wins face-off versus Markus Granlund in Panthers zone.
11:27 of 2nd period - Mark Scheifele is hit by Quinton Howden and loses puck.
11:31 of 2nd period - Minor Penalty to Quinton Howden for Holding.
11:32 of 2nd period - Matt Duchene wins face-off versus Marcel Goc in Avalanche zone.
12:33 of 2nd period - Marcel Goc is hit by Henrik Zetterberg and loses puck.
13:49 of 2nd period - Shot by Justin Williams.
13:49 of 2nd period - Shot Misses the Net.
13:55 of 2nd period - Shot by Matt Carle.
13:55 of 2nd period - Shot Misses the Net.
13:57 of 2nd period - Shot by Mark Scheifele.
13:57 of 2nd period - Shot Blocked by Victor Bartley.
14:47 of 2nd period - Shot by Henrik Zetterberg.
14:47 of 2nd period - Shot Misses the Net.
14:53 of 2nd period - Matt Niskanen is hit by Ryane Clowe and loses puck.
15:31 of 2nd period - Icing by Keith Yandle.
15:32 of 2nd period - Cody Hodgson wins face-off versus Mark Scheifele in Avalanche zone.
16:27 of 2nd period - Icing by Matt Carle.
16:28 of 2nd period - Markus Granlund wins face-off versus Mark Scheifele in Panthers zone.
16:46 of 2nd period - Icing by T.J. Brodie.
16:47 of 2nd period - Derek Stepan wins face-off versus Mark Scheifele in Panthers zone.
16:53 of 2nd period - Off-side.
16:54 of 2nd period - Matt Duchene wins face-off versus Derek Stepan in neutral zone.
16:57 of 2nd period - Shot by Patric Hornqvist.
16:57 of 2nd period - Shot Misses the Net.
17:22 of 2nd period - Minor Penalty to Patric Hornqvist for Hooking.
17:23 of 2nd period - Riley Sheahan wins face-off versus Henrik Zetterberg in Panthers zone.
18:14 of 2nd period - Derek Stepan is hit by Lauri Korpikoski and loses puck.
18:21 of 2nd period - Shot by Tyson Barrie.
18:21 of 2nd period - Shot Blocked by Niklas Hjalmarsson.
18:23 of 2nd period - Shot by Tyson Barrie.
18:23 of 2nd period - Shot Misses the Net.
18:58 of 2nd period - Tyson Barrie is hit by T.J. Brodie and loses puck.
19:23 of 2nd period - Hampus Lindholm is hit by Quinton Howden and loses puck.
19:25 of 2nd period - Minor Penalty to Quinton Howden for Cross-checking.
19:26 of 2nd period - Matt Duchene wins face-off versus Marcel Goc in Avalanche zone.
19:27 of 2nd period - Shot by Matt Niskanen.
19:27 of 2nd period - Shot Blocked by Kevin Shattenkirk.
19:41 of 2nd period - Shot by Matt Niskanen.
19:41 of 2nd period - Stopped by Martin Jones without a rebound.
19:42 of 2nd period - Rick Nash wins face-off versus Marcel Goc in Avalanche zone.
19:55 of 2nd period - Shot by Henrik Zetterberg.
19:55 of 2nd period - Stopped by Martin Jones without a rebound.
19:56 of 2nd period - Marcel Goc wins face-off versus Nathan MacKinnon in Avalanche zone.
Goals for this period are 1 for Avalanche vs 0 for Panthers.
Shots for this period are 4 for Avalanche vs 6 for Panthers.

3rd period


0:01 of 3rd period - Matt Duchene wins face-off versus Marcel Goc in neutral zone.
0:06 of 3rd period - Shot by Matt Duchene.
0:06 of 3rd period - Shot Misses the Net.
0:36 of 3rd period - Shot by Nathan MacKinnon.
0:36 of 3rd period - Stopped by Martin Jones without a rebound.
0:37 of 3rd period - Henrik Zetterberg wins face-off versus Marcel Goc in Avalanche zone.
0:38 of 3rd period - Shot by Danny DeKeyser.
0:38 of 3rd period - Stopped by Martin Jones without a rebound.
0:39 of 3rd period - Marcel Goc wins face-off versus Henrik Zetterberg in Avalanche zone.
1:03 of 3rd period - Off-side.
1:04 of 3rd period - Matt Duchene wins face-off versus Marcel Goc in neutral zone.
1:21 of 3rd period - Shot by Patric Hornqvist.
1:21 of 3rd period - Goal by Patric Hornqvist - Avalanche : 4 - Panthers : 2.
1:22 of 3rd period - Henrik Zetterberg wins face-off versus Derek Stepan in neutral zone.
1:30 of 3rd period - Minor Penalty to Henrik Zetterberg for Interference.
1:30 of 3rd period - Minor Penalty to Kevin Shattenkirk for Elbowing.
1:31 of 3rd period - Matt Duchene wins face-off versus Derek Stepan in Avalanche zone.
1:36 of 3rd period - Shot by Nathan MacKinnon.
1:36 of 3rd period - Shot Misses the Net.
2:10 of 3rd period - Shot by Matt Duchene.
2:10 of 3rd period - Shot Misses the Net.
3:00 of 3rd period - Shot by Mark Scheifele.
3:00 of 3rd period - Shot Misses the Net.
3:07 of 3rd period - Tyson Barrie is hit by Danny DeKeyser and loses puck.
3:23 of 3rd period - Icing by Sami Vatanen.
3:24 of 3rd period - Derek Stepan wins face-off versus Matt Duchene in Avalanche zone.
3:33 of 3rd period - Shot by Quinton Howden.
3:33 of 3rd period - Stopped by Ben Bishop with a rebound.
3:38 of 3rd period - Icing by Hampus Lindholm.
3:39 of 3rd period - Marcel Goc wins face-off versus Henrik Zetterberg in Panthers zone.
4:14 of 3rd period - Henrik Zetterberg is hit by Marcel Goc and loses puck.
5:35 of 3rd period - Mark Scheifele is hit by Marcel Goc and loses puck.
5:43 of 3rd period - Icing by Matt Carle.
5:44 of 3rd period - Derek Stepan wins face-off versus Mark Scheifele in Panthers zone.
5:57 of 3rd period - Shot by Justin Williams.
5:57 of 3rd period - Shot Blocked by Sami Vatanen.
7:12 of 3rd period - Icing by Christopher Higgins.
7:13 of 3rd period - Henrik Zetterberg wins face-off versus Cody Hodgson in Avalanche zone.
7:19 of 3rd period - Henrik Zetterberg is hit by Victor Bartley and loses puck.
7:31 of 3rd period - Icing by Marian Hossa.
7:32 of 3rd period - Henrik Zetterberg wins face-off versus Ryane Clowe in Panthers zone.
7:51 of 3rd period - Shot by Derek Stepan.
7:51 of 3rd period - Shot Misses the Net.
7:53 of 3rd period - Shot by Derek Stepan.
7:53 of 3rd period - Stopped by Ben Bishop without a rebound.
7:54 of 3rd period - Matt Duchene wins face-off versus Markus Granlund in Panthers zone.
8:05 of 3rd period - Shot by Nathan MacKinnon.
8:05 of 3rd period - Shot Misses the Net.
8:07 of 3rd period - Shot by Niklas Hjalmarsson.
8:07 of 3rd period - Shot Blocked by Tyson Barrie.
8:09 of 3rd period - Shot by Danny DeKeyser.
8:09 of 3rd period - Stopped by Martin Jones without a rebound.
8:10 of 3rd period - Derek Stepan wins face-off versus Mark Scheifele in Avalanche zone.
8:10 of 3rd period - Derek Stepan is hit by Rob Klinkhammer.
8:16 of 3rd period - Shot by Mark Scheifele.
8:16 of 3rd period - Stopped by Martin Jones with a rebound.
8:32 of 3rd period - Shot by Mark Scheifele.
8:32 of 3rd period - Shot Blocked by Derek Stepan.
9:17 of 3rd period - Shot by Matt Duchene.
9:17 of 3rd period - Stopped by Martin Jones without a rebound.
9:18 of 3rd period - Cody Hodgson wins face-off versus Henrik Zetterberg in Avalanche zone.
9:18 of 3rd period - Cody Hodgson is hit by Henrik Zetterberg.
9:19 of 3rd period - Minor Penalty to Matt Niskanen for Cross-checking.
9:20 of 3rd period - Henrik Zetterberg wins face-off versus Riley Sheahan in Panthers zone.
9:39 of 3rd period - Shot by Kevin Shattenkirk.
9:39 of 3rd period - Stopped by Ben Bishop without a rebound.
9:40 of 3rd period - Riley Sheahan wins face-off versus Henrik Zetterberg in Panthers zone.
9:45 of 3rd period - Shot by Christopher Higgins.
9:45 of 3rd period - Shot Blocked by Matt Carle.
10:56 of 3rd period - Icing by Kevin Shattenkirk.
10:57 of 3rd period - Derek Stepan wins face-off versus Matt Duchene in Avalanche zone.
11:34 of 3rd period - Shot by Quinton Howden.
11:34 of 3rd period - Stopped by Ben Bishop with a rebound.
11:59 of 3rd period - Shot by Markus Granlund.
11:59 of 3rd period - Shot Misses the Net.
12:23 of 3rd period - Shot by Matt Duchene.
12:23 of 3rd period - Stopped by Martin Jones without a rebound.
12:24 of 3rd period - Henrik Zetterberg wins face-off versus Cody Hodgson in Avalanche zone.
12:28 of 3rd period - Henrik Zetterberg is hit by Sami Vatanen and loses puck.
12:36 of 3rd period - Shot by Henrik Zetterberg.
12:36 of 3rd period - Shot Misses the Net.
12:41 of 3rd period - Minor Penalty to Tyson Barrie for Hooking.
12:42 of 3rd period - Matt Duchene wins face-off versus Marcel Goc in Avalanche zone.
12:53 of 3rd period - Shot by Nathan MacKinnon.
12:53 of 3rd period - Shot Blocked by Colby Robak.
13:06 of 3rd period - Icing by T.J. Brodie.
13:07 of 3rd period - Marcel Goc wins face-off versus Matt Duchene in Panthers zone.
13:19 of 3rd period - Icing by Danny DeKeyser.
13:20 of 3rd period - Matt Duchene wins face-off versus Marcel Goc in Panthers zone.
13:46 of 3rd period - Shot by Danny DeKeyser.
13:46 of 3rd period - Stopped by Martin Jones without a rebound.
13:47 of 3rd period - Henrik Zetterberg wins face-off versus Marcel Goc in Avalanche zone.
15:08 of 3rd period - Shot by Ryane Clowe.
15:08 of 3rd period - Stopped by Ben Bishop with a rebound.
15:24 of 3rd period - Shot by Mark Scheifele.
15:24 of 3rd period - Shot Misses the Net.
15:26 of 3rd period - Shot by Matt Carle.
15:26 of 3rd period - Stopped by Martin Jones with a rebound.
16:04 of 3rd period - Icing by Niklas Hjalmarsson.
16:05 of 3rd period - Matt Duchene wins face-off versus Cody Hodgson in Panthers zone.
16:05 of 3rd period - Matt Duchene is hit by Christopher Higgins.
16:13 of 3rd period - Christopher Higgins is hit by Patric Hornqvist and loses puck.
16:45 of 3rd period - Shot by Colby Robak.
16:45 of 3rd period - Stopped by Ben Bishop without a rebound.
16:46 of 3rd period - Henrik Zetterberg wins face-off versus Markus Granlund in Panthers zone.
16:46 of 3rd period - Henrik Zetterberg is hit by Quinton Howden.
17:01 of 3rd period - Off-side.
17:02 of 3rd period - Derek Stepan wins face-off versus Justin Williams in neutral zone.
17:02 of 3rd period - Ryane Clowe is hit by Clarke MacArthur and loses puck.
17:08 of 3rd period - Off-side.
17:09 of 3rd period - Henrik Zetterberg wins face-off versus Ryane Clowe in neutral zone.
18:10 of 3rd period - Rick Nash is hit by Cody Hodgson and loses puck.
18:15 of 3rd period - Shot by Sami Vatanen.
18:15 of 3rd period - Stopped by Ben Bishop without a rebound.
18:16 of 3rd period - Markus Granlund wins face-off versus Matt Duchene in Panthers zone.
18:30 of 3rd period - Nathan MacKinnon is hit by Victor Bartley and loses puck.
18:45 of 3rd period - Shot by Quinton Howden.
18:45 of 3rd period - Deflect By Markus Granlund.
18:45 of 3rd period - Shot Misses the Net.
18:53 of 3rd period - Shot by Matt Duchene.
18:53 of 3rd period - Shot Blocked by Colby Robak.
18:55 of 3rd period - Shot by Patric Hornqvist.
18:55 of 3rd period - Shot Misses the Net.
18:57 of 3rd period - Shot by Patric Hornqvist.
18:57 of 3rd period - Shot Misses the Net.
19:08 of 3rd period - Icing by Colby Robak.
19:09 of 3rd period - Markus Granlund wins face-off versus Mark Scheifele in Avalanche zone.
19:23 of 3rd period - Mark Scheifele is hit by Riley Sheahan and loses puck.
19:31 of 3rd period - Off-side.
19:32 of 3rd period - Derek Stepan wins face-off versus Rick Nash in neutral zone.
19:49 of 3rd period - Shot by Derek Stepan.
19:49 of 3rd period - Stopped by Ben Bishop without a rebound.
19:50 of 3rd period - Matt Duchene wins face-off versus Cody Hodgson in Panthers zone.
Goals for this period are 0 for Avalanche vs 1 for Panthers.
Shots for this period are 8 for Avalanche vs 9 for Panthers.


Output by the SimonT Hockey Simulator (STHS) for Stephane Roy -- Original Page W3C XHTML 1.0 Valid
Hockey Simulator - Hockey Simulation - Hockey Manager